 Dungeon Crawl Stone Soup version 0.29.1-12-g30fa7ad0bf (webtiles) character file.

Game seed: 5633343091653638276

112 LustLizard the Chopper (level 4, -10/41 HPs)
             Began as a Minotaur Monk on Jan 6, 2023.
             Killed by divine providence
             ... invoked by an orc priest
              (12 damage)
             ... on level 3 of the Dungeon.
             The game lasted 00:05:42 (2225 turns).

LustLizard the Chopper (Minotaur Monk)              Turns: 2225, Time: 00:05:44

Health: -10/41     AC:  6    Str: 15    XL:     4   Next: 64%
Magic:  3/3        EV: 11    Int:  9    God:
Gold:   34         SH:  0    Dex: 13    Spells: 3/3 levels left

rFire   . . .      SeeInvis .   a - +0 hand axe
rCold   . . .      Faith    .   (no shield)
rNeg    . . .      Spirit   .   n - +0 ring mail
rPois   .          Reflect  .   (helmet restricted)
rElec   .          Harm     .   (no cloak)
rCorr   .          Rampage  .   (no gloves)
Will    .....                   u - +0 pair of boots
Stlth   ..........              (no amulet)
HPRegen 0.13/turn               (no ring)
MPRegen 0.08/turn               (no ring)

@: confused, ambrosia-drunk
A: horns 2, retaliatory headbutt
a: no special abilities


You were on level 3 of the Dungeon.
You visited 1 branch of the dungeon, and saw 3 of its levels.

You collected 109 gold pieces.
You spent 75 gold pieces at shops.

Inventory:

Hand Weapons
 a - a +0 hand axe (weapon)
Missiles
 e - 4 poisoned darts (quivered)
 j - 6 atropa-tipped darts
 q - 22 stones
Armour
 b - a +0 robe
 f - a +0 leather armour
 n - a +0 ring mail (worn)
 u - a +0 pair of boots (worn)
Wands
 t - a wand of polymorph (10)
Scrolls
 d - 2 scrolls of poison {unknown}
 h - a scroll of torment {unknown}
 k - 2 scrolls of butterflies
 m - a scroll of enchant armour {unknown}
 o - a scroll of blinking {unknown}
 p - 3 scrolls of identify
 s - a scroll of teleportation {unknown}
 v - a scroll of fear {unknown}
Potions
 g - 2 potions of curing
 i - a potion of cancellation {unknown}
 l - 3 potions of mutation
 r - a potion of berserk rage {unknown}


   Skills:
 + Level 4.5 Fighting
 * Level 5.3 Axes
 + Level 1.8 Throwing
 - Level 3.2 Dodging
 - Level 1.5 Stealth


You had 3 spell levels left.
You didn't know any spells.
Your spell library contained the following spells:

 Spells                   Type           Power      Damage    Failure   Level
 Apportation              Tloc           0%         N/A       63%         1
 Necrotise                Necr           0%         1d4       63%         1
 Summon Small Mammal      Summ           0%         N/A       63%         1


Dungeon Overview and Level Annotations

Branches:
Dungeon (3/15)

Altars:

Shops:
D:1 *


Innate Abilities, Weirdness & Mutations

You have a pair of horns on your head.
You reflexively headbutt those who attack you in melee.


Message History

An orc comes into view. It is wielding a +0 war axe.
The orc priest mumbles some strange prayers to Beogh against you.
Pain shoots through your body!
The orc shouts!
You hit the kobold but do no damage. The kobold barely misses you.
You furiously retaliate!
You headbutt the kobold.
You kill the kobold!
Things that are here:
a +0 whip; 5 stones; a kobold corpse An orc priest comes into view.
It is wielding a +0 mace.
The orc priest invokes the aid of Beogh against you.
Beogh smites you!
The orc priest invokes the aid of Beogh against you.
Beogh smites you!
* * * LOW HITPOINT WARNING * * *
You hit the orc priest but do no damage.
Your headbutt misses the orc priest.
An orc comes into view. It is wielding a +0 mace.
The orc priest looks satisfied for a moment.
You hit the orc but do no damage.
The orc priest looks encouraged for a moment.
You hit the orc. You headbutt the orc.
You kill the orc!
The orc priest mumbles some strange prayers to Beogh against you.
Pain shoots through your body!
* * * LOW HITPOINT WARNING * * *
The orc priest hits you with a +0 flail.
* * * LOW HITPOINT WARNING * * *
The orc priest looks encouraged for a moment.
You see here a +0 war axe.
You hit the orc priest.
The orc priest is lightly wounded.
The orc priest barely misses you.
You are confused.
You feel invigorated.
The orc priest hits you with a +0 flail.
* * * LOW HITPOINT WARNING * * *
The orc priest calls down the wrath of Beogh upon you.
Beogh smites you!
You die...

#.# #)#
##.## #...
#..# #.)#
#..# #..#
#.@#####.#
#.o<.....#
#o########
#o #. #.
.. .#


You could see 2 orc priests and an orc.

Vanquished Creatures
  An orc wizard (D:2)
  2 adders (D:2)
  3 worms (D:2)
  2 orcs (D:3)
  3 bats (D:1)
  5 endoplasms
  A giant cockroach (D:1)
  7 goblins
  9 hobgoblins
  2 jackals (D:1)
  A quokka (D:2)
  7 ball pythons
  4 frilled lizards (D:1)
  6 kobolds
  5 rats
58 creatures vanquished.

Notes
Turn   | Place    | Note
-------+----------+-------------------------------------------
     0 | D:1      | LustLizard the Minotaur Monk began the quest for the Orb.
     0 | D:1      | Reached XP level 1. HP: 19/19 MP: 0/0
   387 | D:1      | Reached skill level 4 in Axes
   387 | D:1      | Reached XP level 2. HP: 27/27 MP: 1/1
   572 | D:1      | Found Digoapp's Assorted Antiques.
   623 | D:1      | Bought a golden potion for 23 gold pieces
   651 | D:1      | Reached skill level 1 in Throwing
   956 | D:1      | Reached XP level 3. HP: 28/33 MP: 2/2
  1116 | D:1      | Bought a scroll labelled AMIAPH GEGUYFF for 26 gold pieces
  1522 | D:2      | Reached skill level 5 in Axes
  1522 | D:2      | Reached XP level 4. HP: 41/41 MP: 3/3
  1914 | D:1      | Bought a scroll labelled ITOENEMARA for 26 gold pieces
  2223 | D:3      | HP: 2/41 [orc priest/+0 flail (2)]
  2225 | D:3      | Killed from afar by an orc priest

Illustrated notes

Levels and vault maps discovered:
D:1:      dpeg_arrival_morbid_curiosity, layout_basic, serial_shops,
          nicolae_lakefront_shop, hex_intersection
D:2:      layout_loops_ring, chequers_mini_garden
D:3:      layout_loops_ring, dreamdust_ecumenical_altar_angels_and_demons,
          serial_shops, shop, uniq_crazy_yiuf_cottage

Skill      XL: |  1  2  3 |
---------------+----------+-----
Axes           | 4 5 |  5.3
Fighting       | 4 |  4.5
Throwing       | 1 |  1.8
Dodging        | |  3.2
Stealth        | |  1.5

Action                   |  1- 3 |  4- 6 || total
-------------------------+-------+-------++-------
Melee: Hand axe          |    93 |    22 ||   115
       Headbutt          |    19 |     3 ||    22
  Use: Scroll            |     1 |     2 ||     3
       Potion            |       |     1 ||     1
Armor: Leather armour    |    12 |       ||    12
       Ring mail         |    15 |     6 ||    21
Dodge: Dodged            |    45 |    12 ||    57
